 Dungeon Crawl Stone Soup version 0.25-a0-578-gc91f01c39c (webtiles) character file.

Game seed: 4756313500792662390, levelgen mode: deterministic

260 An17 the Ruffian (level 6, -1/51 HPs)
             Began as a Naga Transmuter on Mar 6, 2020.
             Slain by an iguana (11 damage)
             ... on level 4 of the Dungeon.
             The game lasted 00:10:26 (3005 turns).

An17 the Ruffian (Naga Transmuter)                  Turns: 3005, Time: 00:10:27

Health: -1/51      AC: 10    Str: 14    XL:     6   Next: 17%
Magic:  9/10       EV:  8    Int: 14    God:
Gold:   178        SH:  0    Dex: 11    Spells: 0/10 levels left

rFire    . . .     SeeInvis +     - Unarmed
rCold    . . .     Gourm    .   (no shield)
rNeg     . . .     Faith    .   f - +0 leather armour
rPois    +         Spirit   .   (no helmet)
rElec    .         Reflect  .   g - +0 cloak
rCorr    .         Harm     .   k - +0 pair of gloves
MR       .....                  j - +0 naga barding
Stlth    +.........             (no amulet)
HPRegen  0.17/turn              (no ring)
MPRegen  0.12/turn              (no ring)

@: appendage, very slow
A: large, horns 2, see invisible, deformed body, poison resistance, slowness 2,
slow metabolism 1, spit poison 1, AC +2
a: Spit Poison, End Transformation


You were on level 4 of the Dungeon.
You were not hungry.
You had grown temporary horns.
You visited 1 branch of the dungeon, and saw 4 of its levels.

You collected 178 gold pieces.

Inventory:

Hand Weapons
 e - a +0 whip of electrocution
Missiles
 a - 12 arrows
 n - 2 datura-tipped darts (quivered)
Armour
 c - a +0 ring mail
 f - a +0 leather armour (worn)
 g - a +0 cloak (worn)
 j - a +0 naga barding (worn)
 k - a +0 pair of gloves (worn)
Wands
 i - a wand of paralysis (12)
 l - a wand of acid (8)
 p - a wand of iceblast (4)
Scrolls
 h - a scroll of identify
 m - 2 scrolls of teleportation
 o - 2 scrolls of remove curse
Potions
 b - 3 potions of haste {unknown}
Comestibles
 d - 8 rations


   Skills:
 + Level 1.4 Fighting
 + Level 1.8 Armour
 + Level 2.3 Dodging
 + Level 4.9 Unarmed Combat
 + Level 2.7 Spellcasting
 + Level 2.5 Transmutations
 + Level 0.1 Poison Magic


You couldn't memorise any spells.
You knew the following spells:

 Your Spells              Type           Power        Failure   Level  Hunger
a - Beastly Appendage     Tmut           #.....       10%         1    #......
b - Sticks to Snakes      Tmut           #.......     14%         2    ###....
c - Spider Form           Tmut/Pois      #.........   43%         3    ###....
d - Ice Form              Ice/Tmut       #.......     85%         4    #####..

Your spell library contained the following spells:

 Spells                   Type           Power        Failure   Level  Hunger
 Animate Skeleton         Necr           N/A          26%         1    #......
 Apportation              Tloc           #.....       26%         1    #......
 Corona                   Hex            #......      26%         1    #......
 Summon Small Mammal      Summ           #...         26%         1    #......
 Blade Hands              Tmut           #.........   95%         5    ######.


Dungeon Overview and Level Annotations

Branches:
Dungeon (4/15)
 Temple: D:4-7

Altars:
Trog


Innate Abilities, Weirdness & Mutations

You cannot wear boots.
Your serpentine skin is tough. (AC +2)
You have supernaturally acute eyesight. (SInv)
Armour fits poorly on your strangely shaped body.
Your system is resistant to poisons. (rPois)
You cover ground very slowly.
You have a slow metabolism.
You can spit poison.
You have a pair of horns on your head.


Message History

Your horns disappear.
The iguana barely misses you. The leopard gecko bites you.
You hit the iguana but do no damage.
The iguana is almost dead.
The leopard gecko bites you. The iguana bites you!
* * * LOW HITPOINT WARNING * * *
You hit the iguana but do no damage.
The iguana is almost dead.
The leopard gecko barely misses you. The iguana misses you.
Casting: Beastly Appendage (safe; 10% risk of failure)
Confirm with . or Enter, or press ? or * to list all spells.
You grow a pair of large bovine horns.
You hit the iguana.
The iguana is almost dead.
The iguana barely misses you.
You barely miss the iguana.
You headbutt the iguana, but do no damage.
The iguana is almost dead.
The iguana bites you!
You die...

......................#
......................#
......................#
......................#
###+#.)..........######
#............#
#............#
#............#
#...........@######..
..######+####l..?....
... .......l#.>....
........+ [....
........# ....
##...##.# ... #... #.#
## #.. ... #.. ...


You could see an iguana and a leopard gecko.

Vanquished Creatures
  A phantom (D:4)
  A worker ant (D:4)
  4 gnolls
  4 adders (D:2)
  An ooze (D:2)
  A worm (D:3)
  3 dart slugs
  An orc (D:3)
  11 bats
  7 giant cockroaches
  4 goblins
  8 hobgoblins
  2 jackals (D:2)
  A ball python (D:2)
  8 frilled lizards
  9 kobolds
  5 rats
71 creatures vanquished.

Notes
Turn   | Place    | Note
-------+----------+-------------------------------------------
     0 | D:1      | An17 the Naga Transmuter began the quest for the Orb.
     0 | D:1      | Reached XP level 1. HP: 18/18 MP: 3/3
   249 | D:1      | Reached XP level 2. HP: 14/25 MP: 5/5
   253 | D:1      | Learned a level 2 spell: Sticks to Snakes
   553 | D:1      | Reached XP level 3. HP: 21/31 MP: 6/6
   558 | D:1      | Learned a level 3 spell: Spider Form
   765 | D:2      | Reached skill level 4 in Unarmed Combat
  1066 | D:2      | Reached XP level 4. HP: 32/38 MP: 5/7
  1546 | D:2      | Reached XP level 5. HP: 9/44 MP: 6/8
  2503 | D:3      | Found a bloodstained altar of Trog.
  2925 | D:4      | Reached skill level 1 in Armour
  2928 | D:4      | Noticed a phantom
  2949 | D:4      | Killed a phantom
  2949 | D:4      | Reached XP level 6. HP: 19/51 MP: 8/10
  2981 | D:4      | Learned a level 4 spell: Ice Form
  3005 | D:4      | Slain by an iguana

Levels and vault maps discovered:
D:1:      mainiacjoe_arrival_reflecting_pool, layout_rooms
D:2:      layout_loops_cross
D:3:      layout_basic, lemuel_coloured_pillars_altar, chequers_big_river
D:4:      layout_gridville, kennysheep_mini_moat, first_ration,
          uniq_blork_the_orc

Skill      XL: |  1  2  3  4  5 |
---------------+----------------+-----
Unarmed Combat | 4 |  4.9
Dodging        | 2 |  2.3
Armour         | 1 |  1.8
Fighting       | |  1.4
Spellcasting   | |  2.7
Transmutations | |  2.5
Poison Magic   | |  0.1

Action                   |  1- 3 |  4- 6 || total
-------------------------+-------+-------++-------
Melee: Unarmed           |   139 |   141 ||   280
       Headbutt          |    11 |    13 ||    24
       Punch             |     2 |     4 ||     6
 Cast: Beastly Appendage |     8 |    16 ||    24
       Spider Form       |       |     1 ||     1
Evoke: Wand              |       |     1 ||     1
  Use: Scroll            |     5 |     3 ||     8
       Potion            |     3 |       ||     3
 Stab: Paralysed         |       |     2 ||     2
  Eat: Ration            |       |     2 ||     2
Armor: Robe              |    76 |    56 ||   132
       Skin              |     8 |     1 ||     9
       Leather armour    |       |    25 ||    25
Dodge: Dodged            |    67 |    94 ||   161

Table legend:
 A = Non-vault XP
 B = Vault XP
 C = Vault XP percentage of total XP
 D = Non-vault monster count
 E = Vault monster count
 F = Vault count percentage of total count
                 A         B        C        D         E       F
            +---------+---------+-------+---------+---------+-------
      Total |     372 |       0 |   0.0 |      71 |       0 |   0.0
            +---------+---------+-------+---------+---------+-------
        D:1 |      34 |       0 |   0.0 |      18 |       0 |   0.0
        D:2 |     135 |       0 |   0.0 |      38 |       0 |   0.0
        D:3 |      50 |       0 |   0.0 |      13 |       0 |   0.0
        D:4 |     153 |       0 |   0.0 |       2 |       0 |   0.0
            +---------+---------+-------+---------+---------+-------
